Map: 亚历山大港 - 天梯版

Players

Bly

  • Race: Zerg Zerg

Scarlett - Winner!

  • Race: Zerg Zerg
  • League: Diamond

Event: WESG 2018 Grand Finals

VOD

Have the link to the VOD?

Description

Time

  • Played on: March 12, 2019, 8:07 a.m.
  • Length: 9:47

All games in this series

Show
View Real Time Build Order
Export as new Build Order

Bly Zerg 

Build Orders: Hatch First, Roach Nydus 

Get SALT Encoding   

  12  0:01  Drone  
  13  0:12  Overlord  
  13  0:18  Drone  
  14  0:31  Drone x2  
  16  0:50  Hatchery  
  16  0:53  Drone  
  16  0:57  Drone  
  16  1:01  Drone  
  18  1:07  Extractor  
  17  1:16  Spawning Pool  
  16  1:19  Drone  
  16  1:22  Drone  
  18  1:31  Drone  
  19  1:38  Drone  
  20  1:49  Overlord  
  20  2:02  Queen  
  20  2:03  Zergling x4  
  26  2:11  Drone  
  26  2:12  Lair  
  25  2:16  Drone  
  26  2:23  Drone x2  
  28  2:32  Drone  
  29  2:37  Extractor  
  29  2:38  Queen  
  29  2:43  Drone x2  
  32  2:48  Overlord  
  32  3:03  Roach Warren  
  31  3:13  Overlord  
  31  3:14  Queen, Nydus Network  
  31  3:19  Queen  
  32  3:42  Roach x3  
  32  3:44  Roach x2  
  32  3:47  Roach  
  44  3:49  Roach  
  46  3:56  Nydus Canal  
  46  3:58  Roach  
  46  4:02  Roach  
  50  4:09  Roach  
  52  4:15  Nydus Canal  
  52  4:26  Overlord  
  52  4:33  Roach  
  46  4:40  Roach x4  
  48  4:47  Nydus Canal  
  48  4:49  Roach  
  48  4:50  Drone x2  
  50  4:56  Drone  
  50  4:57  Drone  
  52  5:02  Nydus Canal  
  52  5:12  Roach x3  
  54  5:31  Nydus Canal  
  54  5:33  Roach x3, Drone  
  54  5:35  Extractor  
  54  5:44  Overlord  
  54  5:45  Drone x3  
  54  5:46  Nydus Canal  
  57  6:07  Nydus Canal  
  57  6:08  Roach x3  
  59  6:13  Roach x2, Queen  
  59  6:18  Roach  
  59  6:23  Roach  
  59  6:24  Roach  
  61  6:31  Roach x2  
  63  6:37  Roach x2  
  63  6:39  Roach  
  65  6:49  Nydus Canal  
  63  6:55  Overlord x2  
  63  7:07  Roach  
  63  7:08  Overlord  
  51  7:20  Roach x5  
  51  7:22  Glial Reconstitution  
  55  7:45  Roach  
  55  7:46  Roach x5  
  65  7:51  Roach x2  
  65  7:55  Roach  
  69  8:06  Roach x3  
  75  8:15  Nydus Canal  
  75  8:21  Roach x3  
  75  8:26  Ravager  
  82  8:29  Ravager  
  82  8:33  Nydus Canal  
  83  8:37  Overlord x2  
  83  8:53  Roach  
  83  8:54  Roach x3  
  59  9:06  Roach x2  
  58  9:18  Roach  
  58  9:26  Roach  
Show
View Real Time Build Order
Export as new Build Order

Scarlett Zerg - Winner!

Build Orders: Hatch First 

Get SALT Encoding   

  12  0:00  Drone  
  13  0:12  Overlord  
  13  0:18  Drone  
  14  0:31  Drone x2  
  16  0:48  Hatchery  
  15  0:52  Drone  
  15  0:56  Drone  
  17  0:59  Drone  
  18  1:11  Extractor  
  17  1:15  Spawning Pool  
  17  1:18  Drone  
  17  1:21  Drone  
  18  1:28  Drone  
  19  1:39  Drone  
  20  1:57  Drone  
  21  2:01  Overlord  
  21  2:02  Queen x2  
  21  2:03  Drone  
  26  2:11  Metabolic Boost  
  26  2:12  Drone  
  27  2:15  Drone  
  28  2:23  Drone x2  
  30  2:34  Zergling x4  
  32  2:41  Hatchery  
  31  2:46  Overlord  
  31  2:49  Zergling x2  
  32  2:54  Drone  
  33  3:03  Queen  
  35  3:09  Drone x4  
  39  3:13  Drone x3  
  42  3:20  Roach Warren  
  42  3:25  Overlord  
  41  3:29  Zergling x2  
  41  3:32  Overlord  
  42  3:36  Zergling x4  
  44  3:46  Zergling x10  
  49  3:51  Overlord  
  49  4:01  Roach x5  
  58  4:10  Roach x2  
  58  4:15  Roach  
  58  4:16  Roach  
  63  4:17  Roach  
  63  4:20  Roach  
  66  4:25  Roach  
  64  4:32  Roach  
  64  4:33  Zergling x6  
  54  4:48  Drone x5  
  59  4:53  Extractor  
  59  4:57  Queen  
  60  5:03  Roach x2  
  64  5:11  Roach, Zergling x6  
  67  5:20  Roach  
  62  5:31  Drone x8  
  62  5:35  Roach x3  
  74  5:43  Overlord x2  
  73  5:52  Overlord x2  
  73  5:58  Queen  
  73  6:02  Roach x5  
  82  6:08  Queen  
  82  6:09  Roach  
  82  6:10  Roach  
  84  6:13  Roach x2, Zergling x2  
  84  6:14  Zergling x2  
  75  6:34  Drone x7  
  75  6:38  Lair  
  82  6:44  Roach  
  82  6:46  Queen x2  
  82  6:49  Roach x2  
  82  6:50  Zergling x4  
  88  6:56  Roach  
  88  6:58  Roach  
  90  7:01  Overlord  
  90  7:05  Roach  
  84  7:10  Roach, Zergling x6  
  80  7:20  Roach x2  
  80  7:21  Zergling x6  
  80  7:22  Queen  
  91  7:32  Drone x5  
  91  7:40  Glial Reconstitution  
  91  7:42  Drone x3  
  91  7:48  Overlord  
  91  7:53  Drone x3  
  91  7:57  Extractor  
  91  7:58  Evolution Chamber, Extractor  
  89  7:59  Overseer  
  89  8:02  Drone x5  
  94  8:13  Overlord, Drone  
  94  8:14  Drone  
  94  8:17  Queen x3  
  102  8:20  Roach x5  
  109  8:37  Roach x7  
  123  8:53  Roach x2  
  123  8:54  Roach x5  
  125  8:58  Roach  
  116  9:04  Roach x3  
  115  9:22  Drone x6, Extractor  
  115  9:24  Roach x4, Extractor  
  125  9:29  Overlord  
Tags
 
Add a new tag
Caveats
  • Supply blocks, unpowered buildings, or Contaminate may cause inaccurate times.
  • Supply counts are checked every 10 seconds.